 Dungeon Crawl Stone Soup version 0.16-a0-4133-g472b14a (webtiles) character file.

411 Duskembrace the Slicer (level 7, -4/61 HPs)
             Began as a Kobold Berserker on Mar 3, 2015.
             Was a Priest of Trog.
             Slain by inmateoo's ghost (14 damage)
             ... on level 5 of the Dungeon.
             The game lasted 00:12:24 (4114 turns).

Duskembrace the Slicer (Kobold Berserker)           Turns: 4114, Time: 00:12:25

Health: -4/61      AC:  5    Str: 21    XL:     7   Next: 14%
Magic:  7/7        EV: 15    Int:  2    God:    Trog [***...]
Gold:   290        SH:  0    Dex: 17    Spells: 0 memorised, 6 levels left

rFire  . . .     SeeInvis .     k - +4 dagger
rCold  . . .     Clarity  .     b - +0 animal skin
rNeg   . . .     SustAb   .     (no shield)
rPois  .         Gourm    .     A - +0 helmet
rElec  .         Spirit   .     (no cloak)
rCorr  +         Warding  .     v - +0 pair of gloves
rMut   .         Stasis   .     j - +0 pair of boots
MR     .....                    B - amulet of resist corrosion
Stlth  ..........               (no ring)
                                p - -3 ring of intelligence (curse)

@: berserking (expiring), very quick, not resistant to hostile enchantments,
extremely unstealthy
A: carnivore 3
a: Burn Spellbooks, Berserk, Trog's Hand, Renounce Religion


You were on level 5 of the Dungeon.
You worshipped Trog.
Trog was most pleased with you.
You were full.

You visited 1 branch of the dungeon, and saw 5 of its levels.

You collected 290 gold pieces.

Inventory:

Hand weapons
 a - a +0 short sword
 k - a +4 dagger (weapon)
 H - a +2 dagger of venom
Missiles
 n - 15 poisoned needles
 F - 4 poisoned tomahawks (quivered)
 G - 8 tomahawks of returning
Armour
 b - a +0 animal skin (worn)
 j - a +0 pair of boots (worn)
 u - a +0 pair of boots
 v - a +0 pair of gloves (worn)
 A - a +0 helmet (worn)
 E - a +0 pair of gloves
Jewellery
 p - a cursed -3 ring of intelligence (left hand)
 z - an uncursed amulet of stasis
 B - an amulet of resist corrosion (around neck)
Scrolls
 e - 2 scrolls of remove curse {unknown}
 l - 6 scrolls of recharging {unknown}
 m - 2 scrolls of enchant weapon {unknown}
 o - 5 scrolls of teleportation {unknown}
 s - 3 scrolls of immolation {unknown}
 x - 2 scrolls of identify {unknown}
 y - a scroll of enchant armour {unknown}
 D - a scroll of blinking {unknown}
Potions
 d - 2 potions of flight {unknown}
 f - 3 potions of haste {unknown}
 h - 3 potions of curing {unknown}
 i - a potion of heal wounds {unknown}
 r - a potion of cancellation {unknown}
 t - 4 potions of cure mutation {unknown}
 w - a potion of degeneration {unknown}
 C - 2 potions of agility {unknown}
Comestibles
 c - 2 meat rations
 g - 2 royal jellies
 q - a beef jerky


   Skills:
 - Level 3.2 Fighting
 + Level 9.8 Short Blades
 - Level 1.5 Armour
 - Level 2.4 Dodging


You had 6 spell levels left.
You didn't know any spells.

Dungeon Overview and Level Annotations

Branches:
Dungeon (5/15)
 Temple: D:4-7

Altars:
Gozag

Annotations:
D:4 Blork the orc
D:5 inmateoo's ghost, experienced FoGl


Innate Abilities, Weirdness & Mutations

You are small and have problems with some larger weapons.
You are carnivorous and can eat meat at any time.


Message History

Inmateoo's ghost is moderately damaged.
You hit inmateoo's ghost but do no damage.
Inmateoo's ghost is moderately damaged.
Inmateoo's ghost misses you.
You miss inmateoo's ghost.
Inmateoo's ghost is moderately damaged.
You hit inmateoo's ghost.
Inmateoo's ghost is moderately damaged.
You barely miss inmateoo's ghost.
Inmateoo's ghost is moderately damaged.
Inmateoo's ghost hits you!
* * * LOW HITPOINT WARNING * * *
You barely miss inmateoo's ghost.
Inmateoo's ghost is moderately damaged.
You hit inmateoo's ghost.
Inmateoo's ghost is heavily damaged.
You hit inmateoo's ghost but do no damage.
Inmateoo's ghost is heavily damaged.
Inmateoo's ghost hits you!
You die...

##########
#..........
####@#
##.##W##
#...#F.######.
#...#.........
#.............
#............
#<...###..≈§≈
#......#.≈≈§≈
##.#....≈§≈≈


You could see a giant frog and inmateoo's ghost.

Vanquished Creatures
  A centaur (D:4)
  4 orc wizards (D:4)
  A worker ant (D:4)
  7 gnolls
  5 adders
  A worm (D:3)
  3 giant geckos (D:1)
  11 orcs (D:4)
  3 giant cockroaches
  9 goblins
  9 hobgoblins
  13 jackals
  6 kobolds (D:1)
  A ball python (D:4)
  4 bats
  A giant newt (D:1)
  5 rats
84 creatures vanquished.

Notes
Turn   | Place    | Note
--------------------------------------------------------------
     0 | D:1      | Duskembrace, the Kobold Berserker, began the quest for the Orb.
     0 | D:1      | Reached XP level 1. HP: 14/14 MP: 1/1
   530 | D:1      | Reached XP level 2. HP: 19/19 MP: 2/2
   651 | D:1      | Reached skill level 5 in Short Blades
   681 | D:1      | Acquired Trog's second power
   883 | D:1      | Reached XP level 3. HP: 23/23 MP: 3/3
  1449 | D:2      | Reached skill level 6 in Short Blades
  1449 | D:2      | Reached XP level 4. HP: 28/28 MP: 4/4
  1777 | D:2      | Reached skill level 7 in Short Blades
  1777 | D:2      | Reached XP level 5. HP: 24/32 MP: 5/5
  2768 | D:3      | Reached skill level 8 in Short Blades
  3169 | D:4      | Reached XP level 6. HP: 37/37 MP: 6/6
  3308 | D:4      | Reached skill level 9 in Short Blades
  3786 | D:4      | Received a gift from Trog
  3786 | D:4      | Reached XP level 7. HP: 41/41 MP: 7/7
  4008 | D:4      | Found an opulent altar of Gozag.
  4046 | D:4      | Noticed Blork the orc
  4091 | D:5      | Entered Level 5 of the Dungeon
  4094 | D:5      | Noticed inmateoo's ghost (experienced FoGl)
  4114 | D:5      | Slain by inmateoo's ghost

Action                   |  1- 3 |  4- 6 |  7- 9 || total
-------------------------+-------+-------+-------++-------
Melee: Short sword       |    36 |       |       ||    36
       Dagger            |    47 |   145 |    18 ||   210
Invok: Berserk           |     5 |     7 |     1 ||    13
       Trog's Hand       |       |     1 |       ||     1
 Stab: Sleeping          |     2 |     1 |       ||     3
  Eat: Chunk             |     6 |    19 |     3 ||    28
